 Dungeon Crawl Stone Soup version 0.25.1-2-g60ff931df9 (webtiles) character file.

Game seed: 2100358122367335670

28347 DearestLeader the Spear-Bearer (level 13, -4/93 HPs)
             Began as a Demonspawn Gladiator on Oct 18, 2020.
             Was a High Priest of Qazlal.
             Slain by a black mamba (12 damage)
             ... on level 6 of the Lair of Beasts.
             The game lasted 00:36:52 (22659 turns).

DearestLeader the Spear-Bearer (DsGl)              Turns: 22659, Time: 00:36:52

Health: -4/93      AC: 18    Str: 19    XL:     13   Next: 9%
Magic:  0/21       EV:  9    Int: 10    God:    Qazlal [*****.]
Gold:   888        SH:  6    Dex: 15    Spells: 12/12 levels left

rFire    . . .     SeeInvis .   v - +2 halberd (flame)
rCold    . . .     Gourm    .   (shield currently unavailable)
rNeg     . . .     Faith    .   J - +0 chain mail {MR+}
rPois    .         Spirit   +   (helmet restricted)
rElec    .         Reflect  .   W - +0 cloak
rCorr    +         Harm     .   G - +0 pair of gloves
MR       ++...                  (no boots)
Stlth    ..........             I - amulet of guardian spirit
HPRegen  0.25/turn              S - ring of protection from magic
MPRegen  0.17/turn              C - ring of resist corrosion

@: about to teleport, repel missiles
A: horns 2, thin metallic scales 2, foul stench 1, nightstalker 2, rot immunity
a: Upheaval, Elemental Force, Disaster Area, Renounce Religion


You were on level 6 of the Lair of Beasts.
You worshipped Qazlal.
Qazlal was extremely pleased with you.
You were very hungry.

You visited 3 branches of the dungeon, and saw 18 of its levels.

You collected 1031 gold pieces.
You spent 143 gold pieces at shops.

Inventory:

Hand Weapons
 u - a +0 battleaxe
 v - a +2 halberd of flaming (weapon)
Missiles
 d - 4 throwing nets
 s - 28 poisoned darts (quivered)
Armour
 G - a +0 pair of gloves (worn)
 J - a +0 chain mail of magic resistance (worn)
 W - a +0 cloak (worn)
Jewellery
 c - an uncursed ring of flight
 h - an uncursed amulet of reflection
 t - an uncursed ring of ice
 C - a ring of resist corrosion (right hand)
 I - an amulet of guardian spirit (around neck)
 S - a ring of protection from magic (left hand)
Wands
 w - a wand of clouds (7)
 x - a wand of enslavement (10)
 y - a wand of iceblast (12)
 B - a wand of digging (7)
 H - a wand of disintegration (18)
 K - a wand of flame (17)
Scrolls
 a - a scroll of brand weapon {unknown}
 j - 3 scrolls of immolation
 k - 2 scrolls of magic mapping
 m - 5 scrolls of enchant weapon
 n - 2 scrolls of amnesia {unknown}
 p - 2 scrolls of enchant armour
 r - 2 scrolls of fog
 E - 2 scrolls of remove curse
 M - 2 scrolls of blinking {unknown}
 P - 4 scrolls of identify
 R - a scroll of torment {unknown}
 T - a scroll of vulnerability {unknown}
 X - a scroll of acquirement {unknown}
 Z - a scroll of summoning {unknown}
Potions
 b - 3 potions of might
 g - 2 potions of stabbing
 i - 4 potions of ambrosia {unknown}
 o - 2 potions of mutation
 q - 3 potions of haste
 z - a potion of lignification
 A - 2 potions of heal wounds
 D - 3 potions of flight {unknown}
 F - 2 potions of curing
 L - a potion of brilliance {unknown}
 O - a potion of magic {unknown}
 U - a potion of invisibility {unknown}
 V - a potion of berserk rage {unknown}
Miscellaneous
 e - a phantom mirror
Comestibles
 f - 27 rations


   Skills:
 - Level 6.1 Fighting
 - Level 5.2(9.6) Axes
 * Level 12.3(12.7) Polearms
 - Level 1.7 Throwing
 + Level 11.9 Armour
 - Level 3.0 Dodging
 + Level 11.6 Invocations


You had 12 spell levels left.
You didn't know any spells.
Your spell library contained the following spells:

 Spells                   Type           Power        Failure   Level  Hunger
 Apportation              Tloc           #.....       95%         1    ##.....
 Summon Butterflies       Summ           #.......     95%         1    ##.....
 Corpse Rot               Necr/Air       N/A          99%         2    ###....
 Call Canine Familiar     Summ           #.......     100%        3    ####...
 Lesser Beckoning         Tloc           #.........   100%        3    ####...
 Recall                   Summ/Tloc      N/A          100%        3    ####...
 Stone Arrow              Conj/Erth      #.....       100%        3    ####...
 Tukima's Dance           Hex            #.......     100%        3    ####...
 Summon Ice Beast         Ice/Summ       #.......     100%        4    #####..
 Alistair's Intoxication  Tmut/Pois      #.......     100%        5    ######.
 Aura of Abjuration       Summ           #.........   100%        5    ######.
 Summon Demon             Summ           #.........   100%        5    ######.
 Summon Forest            Summ/Tloc      #.........   100%        5    ######.
 Summon Mana Viper        Hex/Summ       #.......     100%        5    ######.
 Eringya's Noxious Bog    Tmut/Pois      #.........   100%        6    #######
 Hydra Form               Tmut           #.........   100%        6    #######
 Invisibility             Hex            #.......     100%        6    #######
 Shadow Creatures         Summ           N/A          100%        6    #######
 Summon Hydra             Summ           #.........   100%        7    #######


Dungeon Overview and Level Annotations

Branches:
Dungeon (11/15)            Temple (1/1) D:4            Lair (6/6) D:9
  Swamp (0/4) Lair:2       Spider (0/4) Lair:4        Slime (0/5) Lair:5
    Orc (0/2) D:9

Altars:
Ashenzari
Cheibriados
Gozag
Kikubaaqudgha
Nemelex Xobeh
Okawaru
Qazlal
Trog
Yredelemnul
The Shining One
Beogh
Jiyva

Shops:
D:8 [   D:9 !

Annotations:
Lair:1 exclusion: oklob plant
Lair:5 exclusion: oklob plant


Innate Abilities, Weirdness & Mutations

You have a pair of horns on your head.
You are mostly covered in thin metallic scales. (AC +3)
You may emit foul miasma when damaged in melee.
You are significantly more attuned to the shadows.
You are immune to rotting.


Message History

The seven-headed hydra bites you but does no damage.
The seven-headed hydra bites you!
* * * LOW HITPOINT WARNING * * *
You block the seven-headed hydra's attack.
The seven-headed hydra barely misses you.
The seven-headed hydra bites you.
* * * LOW HITPOINT WARNING * * *
The seven-headed hydra completely misses you.
You hear a bellow!
You hear an angry growl.
You hear a shout!
You hear a howl! x3
You hear a shout! x2; You hear a trumpeting!
You hear a howl!
You hear an angry buzzing noise.
You feel better.
You hear a bellow!
The black mamba completely misses you.
The water moccasin is engulfed in freezing vapours.
The water moccasin bites you but does no damage.
The water moccasin looks sick.
The black mamba is engulfed in dark miasma.
The black mamba bites you!
You die...

...#.. . ..#.
.. ..P..
...#..
..##... .....
.....<
#...... P...P
....PS
..#.##P....
.P.P..
#..t#h○...
..PPP#
#.lS#S○...
...P.
#.YD@S§...
.....
...YY.SS#....
.......Y# ...
....#Y...# ..
....#..YY# Y
.....#..Y#


You could see a seven-headed hydra, a komodo dragon, 2 black mambas, 9 yaks, 3
water moccasins, a crocodile and a wolf.

Vanquished Creatures
  2 hydras
  A two-headed ogre (D:10)
  A death yak (Lair:3)
  Urug (Lair:5)
  An unseen horror (D:10)
  4 black mambas
  10 spiny frogs
  A gargoyle (D:10)
  2 rime drakes (Lair:4)
  10 komodo dragons
  2 trolls (D:10)
  Grinder (D:5)
  5 blink frogs (Lair:2)
  6 hippogriffs
  A wyvern (Lair:1)
  Eustachio (D:6)
  5 basilisks
  23 yaks
  A hungry ghost (D:10)
  19 water moccasins
  5 porcupines
  An ice beast (D:5)
  A black bear (D:7)
  3 phantoms
  9 orc warriors
  5 sky beasts
  2 ogres
  12 centaurs
  7 wolves
  6 crocodiles
  A big kobold (D:10)
  15 bullfrogs
  A wyvern zombie (D:9)
  A water moccasin skeleton (D:6)
  6 scorpions
  3 killer bees (D:10)
  3 electric eels
  3 howler monkeys
  A crimson imp (D:5)
  2 bullfrog zombies
  3 jellies
  11 orc priests
  5 hounds
  Jessica (D:4)
  A bullfrog skeleton (D:8)
  4 centaur skeletons
  3 iguanas
  16 orc wizards
  9 worker ants
  2 hound zombies
  4 hound skeletons
  A worker ant zombie (D:7)
  2 howler monkey zombies
  6 gnolls
  17 adders
  A howler monkey skeleton (D:5)
  A shadow imp (D:5)
  2 worms
  2 dart slugs
  3 leopard geckos
  70 orcs
  3 ball pythons
  3 giant cockroaches
  5 goblins
  11 hobgoblins
  10 jackals
  8 kobolds
  4 quokkas
  11 bats
  7 frilled lizards
  A leopard gecko zombie (D:7)
  7 rats
418 creatures vanquished.

Vanquished Creatures (others)
  9 fungi
  7 plants
16 creatures vanquished.

Grand Total: 434 creatures vanquished

Notes
Turn   | Place    | Note
-------+----------+-------------------------------------------
     0 | D:1      | DearestLeader the Demonspawn Gladiator began the quest for
                  | the Orb.
     0 | D:1      | Reached XP level 1. HP: 16/16 MP: 1/1
   102 | D:1      | Reached skill level 1 in Armour
   102 | D:1      | Gained mutation: You are partially covered in thin metallic
                  | scales. (AC +2) [demonic ancestry]
   102 | D:1      | Reached XP level 2. HP: 16/22 MP: 2/2
   706 | D:1      | Reached XP level 3. HP: 28/28 MP: 3/3
   860 | D:2      | Found a basalt altar of Yredelemnul.
  1665 | D:2      | Gained mutation: You have a pair of small horns on your
                  | head. [demonic ancestry]
  1665 | D:2      | Reached XP level 4. HP: 22/34 MP: 4/4
  1679 | D:2      | Found an iron altar of Okawaru.
  2469 | D:3      | Gained mutation: You have a pair of horns on your head.
                  | [demonic ancestry]
  2469 | D:3      | Reached XP level 5. HP: 35/41 MP: 5/5
  2642 | D:3      | Found an ancient bone altar of Kikubaaqudgha.
  2963 | D:4      | Found an opulent altar of Gozag.
  3033 | D:4      | Found a staircase to the Ecumenical Temple.
  3042 | Temple   | Entered the Ecumenical Temple
  3046 | Temple   | Became a worshipper of Qazlal Stormbringer
  3057 | D:4      | Noticed a phantom
  3094 | D:4      | Killed a phantom
  3094 | D:4      | Gained mutation: You are slightly more attuned to the
                  | shadows. [demonic ancestry]
  3094 | D:4      | Reached XP level 6. HP: 42/48 MP: 6/6
  3435 | D:4      | Reached skill level 5 in Armour
  3482 | D:4      | Gained mutation: You are immune to rotting. [demonic
                  | ancestry]
  3482 | D:4      | Reached XP level 7. HP: 19/55 MP: 7/7
  3790 | D:4      | Found a sparkling altar of Nemelex Xobeh.
  3790 | D:4      | Noticed Jessica
  3794 | D:4      | Killed Jessica
  4159 | D:5      | Entered Level 5 of the Dungeon
  4504 | D:5      | Reached skill level 5 in Fighting
  5161 | D:5      | Reached XP level 8. HP: 30/63 MP: 8/8
  5845 | D:5      | Noticed Grinder
  5851 | D:5      | Paralysed by Grinder for 3 turns
  5873 | D:5      | Killed Grinder
  7170 | D:6      | Noticed Eustachio
  7189 | D:6      | Killed Eustachio
  7750 | D:6      | Reached skill level 5 in Axes
  7750 | D:6      | Reached XP level 9. HP: 59/69 MP: 9/9
  7824 | D:6      | Reached * piety under Qazlal
  8004 | D:6      | Got a slimy whip
  8004 | D:6      | Identified the cursed +0 whip of Teoddoe {freeze, *Slow
                  | +Fly Int+5 SInv} (You found it on level 6 of the Dungeon)
  8112 | D:7      | Reached skill level 1 in Polearms
  8261 | D:6      | Reached skill level 2 in Polearms
  8394 | D:7      | Reached skill level 3 in Polearms
  8605 | D:7      | Reached skill level 4 in Polearms
  8774 | D:7      | Reached ** piety under Qazlal
  8779 | D:7      | Reached skill level 1 in Invocations
  9267 | D:7      | Reached skill level 5 in Polearms
  9318 | D:7      | You fall into a shaft and drop 3 floors!
  9318 | D:10     | Entered Level 10 of the Dungeon
  9706 | D:9      | Gained mutation: You may emit foul miasma when damaged in
                  | melee. [demonic ancestry]
  9706 | D:9      | Reached XP level 10. HP: 74/76 MP: 12/12
  9934 | D:9      | Found Uhiroega's Distillery.
  9958 | D:9      | Bought a potion of heal wounds for 55 gold pieces
  9958 | D:9      | Bought a potion of heal wounds for 55 gold pieces
  9958 | D:9      | Bought a potion of curing for 33 gold pieces
  9970 | D:9      | Found a snail-covered altar of Cheibriados.
 10178 | D:8      | Found a shattered altar of Ashenzari.
 10327 | D:8      | Found a sparkling altar of Nemelex Xobeh.
 10420 | D:8      | Found a snail-covered altar of Cheibriados.
 10516 | D:8      | Found Houcaxott's Armour Shoppe.
 11279 | D:9      | Found a staircase to the Lair.
 11377 | D:9      | Reached skill level 6 in Polearms
 11591 | D:9      | Reached *** piety under Qazlal
 12326 | D:9      | Found a roughly hewn altar of Beogh.
 12370 | D:9      | Found a staircase to the Orcish Mines.
 12641 | D:10     | Reached skill level 5 in Invocations
 12857 | D:10     | Reached skill level 7 in Polearms
 12941 | D:10     | Killed an unseen horror
 13363 | D:10     | Noticed a two-headed ogre
 13369 | D:10     | Killed a two-headed ogre
 13369 | D:10     | Reached skill level 8 in Polearms
 13369 | D:10     | Reached skill level 10 in Armour
 13991 | D:11     | Gained mutation: You are mostly covered in thin metallic
                  | scales. (AC +3) [demonic ancestry]
 13991 | D:11     | Reached XP level 11. HP: 81/81 MP: 16/16
 14214 | Lair:1   | Entered Level 1 of the Lair of Beasts
 14404 | Lair:1   | Reached **** piety under Qazlal
 14881 | Lair:1   | Reached skill level 9 in Polearms
 14934 | Lair:1   | Noticed an oklob plant
 16147 | Lair:2   | Noticed a four-headed hydra
 16168 | Lair:2   | Reached skill level 10 in Polearms
 16576 | Lair:2   | Killed a one-headed hydra
 16843 | Lair:2   | Gained mutation: You are significantly more attuned to the
                  | shadows. [demonic ancestry]
 16843 | Lair:2   | Reached XP level 12. HP: 88/88 MP: 19/19
 17205 | Lair:2   | Found the +8 whip "Snakebite" {curare, rPois}
 17514 | Lair:2   | Found a staircase to the Swamp.
 18270 | Lair:3   | Reached skill level 10 in Invocations
 18984 | Lair:4   | Reached ***** piety under Qazlal
 18993 | Lair:4   | Reached skill level 11 in Polearms
 19001 | Lair:4   | Found a hole to the Spider Nest.
 19006 | Lair:4   | Noticed a death yak
 19053 | Lair:3   | HP: 1/88 [death yak (13)]
 19065 | Lair:3   | Killed a death yak
 21358 | Lair:5   | Reached skill level 12 in Polearms
 21503 | Lair:5   | Noticed a six-headed hydra
 21512 | Lair:5   | Killed a one-headed hydra
 21775 | Lair:5   | Found a staircase to the Slime Pits.
 21775 | Lair:5   | Found a viscous altar of Jiyva.
 21954 | Lair:5   | Reached XP level 13. HP: 93/93 MP: 21/21
 22034 | Lair:5   | Noticed Urug
 22049 | Lair:5   | Killed Urug
 22609 | Lair:6   | Entered Level 6 of the Lair of Beasts
 22658 | Lair:6   | HP: 2/93 [seven-headed hydra (6)]
 22659 | Lair:6   | Slain by a black mamba

Illustrated notes

Levels and vault maps discovered:
D:1:      tarquinn_simple_flora_water_a, layout_basic, minmay_lizard_pond
D:2:      layout_basic, lemuel_round_altar, first_ration,
          okawaru_altar_gauntlet_db
D:3:      layout_basic, old_standard_altar
D:4:      layout_basic, overflow_temple_1_default,
          minmay_temple_entry_junction_2, nemelex_lonely_heart_becter
D:5:      layout_gridville, serial_bayou_pond_d, chequers_serial_rivers_small_a,
          minmay_misc_feat_pillars, uniq_grinder
D:6:      kennysheep_six_static_rooms, layout_cave_pools, uniq_eustachio
D:7:      layout_cave_pods
D:8:      layout_basic, evilmike_ruin_ashenzari, kennysheep_mini_moat,
          nemelex_xobeh_ov_fountains_minmay, serial_shops, kennysheep_mini
D:9:      layout_basic, lair_entry_dummy, david_orc_5, serial_shops, shop_coins,
          basic_altar
D:10:     layout_roguey, blue_anna_alchemist [blue_anna_fruit_fields,
          blue_anna_fruit_fields]
D:11:     layout_roguey, trove_entry_hex_spiral, kennysheep_boxes
Temple:   kb_temple_of_zot
Lair:1:   layout_chaotic_city, beast_lair_carwin_10, lemuel_fruit_tree,
          serial_bayou_shore_b, minmay_lair_oklob_chamber
Lair:2:   minmay_guarded_unrand_snakebite, layout_gridlike, swamp_mist_pool,
          serial_bayou_shore_b, infiniplex_staircase_pool_2, grunt_megastairs_5
Lair:3:   layout_chaotic_city, minmay_holes, serial_bayou_shore_a
Lair:4:   layout_small_grid, dummy_spider_entry, beast_lair_carwin_5,
          serial_bayou_shore_b, infiniplex_staircase_pool
Lair:5:   layout_regular_city, slime_altar_1, lemuel_fruit_fields, uniq_urug
Lair:6:   minmay_lair_end_enchanted_forest, layout_cave_shapes,
          grunt_megastairs_4

Skill      XL: |  1  2  3  4  5  6  7  8  9 10 11 12 |
---------------+-------------------------------------+-----
Armour         | 1 2 3 4 5 6 8 9 10 11 | 11.9
Dodging        | 3 |  3.0
Fighting       | 3 4 5 6 |  6.1
Axes           | 5 |  5.2
Polearms       | 5 8 10 12 | 12.3
Invocations    | 3 6 9 11 | 11.6
Throwing       | |  1.7

Action                   |  1- 3 |  4- 6 |  7- 9 | 10-12 | 13-15 || total
-------------------------+-------+-------+-------+-------+-------++-------
Melee: War axe           |   123 |   141 |   268 |       |       ||   532
       Headbutt          |       |    26 |    71 |   127 |     3 ||   227
       Halberd           |       |       |   188 |   757 |    30 ||   975
Throw: Dart              |       |    16 |       |       |       ||    16
Invok: Upheaval          |       |       |     1 |     5 |       ||     6
  Use: Scroll            |       |     6 |     7 |     5 |     1 ||    19
       Potion            |       |       |     5 |     1 |     3 ||     9
  Eat: Chunk             |     3 |     6 |    13 |    23 |     1 ||    46
       Ration            |       |       |     2 |     5 |       ||     7
Armor: Plate armour      |   121 |   123 |   315 |    84 |       ||   643
       Chain mail        |       |       |       |   245 |    11 ||   256
Dodge: Dodged            |    41 |    40 |   176 |   204 |    19 ||   480
       Repelled          |       |       |       |     3 |     4 ||     7
Block: Other             |       |    21 |   127 |   215 |    11 ||   374
       Reflection        |       |       |    10 |     9 |       ||    19
